 Dungeon Crawl Stone Soup version 0.26.1-11-gd32895ea62 (webtiles) character file.

Game seed: 762663995018183669

441 Almogavar the Stinger (level 6, -2/43 HPs)
             Began as a Demonspawn Venom Mage on May 28, 2021.
             Was an Initiate of Nemelex Xobeh.
             Slain by a phantom (4 damage)
             ... on level 4 of the Dungeon.
             The game lasted 00:13:24 (4600 turns).

Almogavar the Stinger (Demonspawn Venom Mage)       Turns: 4600, Time: 00:13:24

Health: -2/43      AC:  4    Str:  8    XL:     6   Next: 70%
Magic:  0/12       EV: 12    Int: 19    God:    Nemelex Xobeh [......]
Gold:   183        SH:  0    Dex: 13    Spells: 10/13 levels left

rFire    + . .     SeeInvis .   j - +0 spear
rCold    + . .     Faith    .   (no shield)
rNeg     . . .     Spirit   +   a - +0 robe
rPois    .         Reflect  .   (no helmet)
rElec    .         Harm     .   m - +0 cloak
rCorr    .         Rampage  .   (no gloves)
Will     .....                  (no boots)
Stlth    ++........             (no amulet)
HPRegen  0.14/turn              e - ring of protection from fire
MPRegen  0.13/turn              q - ring of ice

@: berserk cooldown, slowed, very slow
A: hooves 1, rugged brown scales 1, fire resistance 1, magic shield
a: Renounce Religion, Draw Escape, Draw Destruction, Draw Summoning


You were on level 4 of the Dungeon.
You worshipped Nemelex Xobeh.
Nemelex Xobeh was noncommittal.
You visited 1 branch of the dungeon, and saw 4 of its levels.

You collected 183 gold pieces.

Inventory:

Hand Weapons
 j - a +0 spear (weapon)
Missiles
 c - 68 bolts
Armour
 a - a +0 robe (worn)
 i - a +0 leather armour
 m - a +0 cloak (worn)
Jewellery
 e - a ring of protection from fire (left hand)
 q - a ring of ice (right hand)
Wands
 o - a wand of disintegration (16)
Scrolls
 b - a scroll of fog
 g - a scroll of amnesia
 l - a scroll of enchant armour {unknown}
 p - a scroll of immolation {unknown}
Potions
 d - a potion of haste
 h - 2 potions of curing
 n - a potion of invisibility {unknown}


   Skills:
 + Level 0.7 Fighting
 + Level 2.1 Dodging
 + Level 2.3 Stealth
 + Level 4.1 Spellcasting
 + Level 2.5 Transmutations
 + Level 1.2 Air Magic
 + Level 4.9 Poison Magic


You had 10 spell levels left.
You knew the following spells:

 Your Spells              Type           Power        Failure   Level
a - Sting                 Tmut/Pois      72%          3%          1
b - Poisonous Vapours     Pois/Air       30%          6%          2

Your spell library contained the following spells:

 Spells                   Type           Power        Failure   Level
 Ignite Poison            Fire/Tmut/Pois 13%          14%         3
 Mephitic Cloud           Conj/Pois/Air  11%          17%         3
 Olgreb's Toxic Radiance  Pois           22%          19%         4


Dungeon Overview and Level Annotations

Branches:
Dungeon (4/15)
 Temple: D:4-7

Altars:
Cheibriados
Dithmenos
Nemelex Xobeh
Okawaru
Ru
Trog
Uskayaw
Vehumet


Innate Abilities, Weirdness & Mutations

You have large cloven feet.
You are partially covered in rugged brown scales. (AC +1, +3% HP)
Your flesh is heat resistant. (rF+)
When hurt, damage is shared between your health and your magic reserves.


Message History

The phantom is heavily damaged.
The phantom barely misses you.
You barely miss the phantom. Your kick misses the phantom.
The phantom is heavily damaged.
The phantom hits you.
* * * LOW HITPOINT WARNING * * *
The phantom hits you but does no damage.
You hit the phantom but do no damage.
The phantom is heavily damaged.
The phantom barely misses you. The phantom hits you.
* * * LOW HITPOINT WARNING * * *
The phantom blinks!
The phantom blinks!
The phantom barely misses you. The phantom hits you!
* * * LOW HITPOINT WARNING * * *
You closely miss the phantom.
The phantom is heavily damaged.
The phantom hits you.
You die...
Your body disappears without a glow.

## ....###+# +... #...#
...#.... ... ...#
...#.... .. ..# ...#....
# #. #.# ...#####
#.####.####?###+##......
.................#......
..........?......'......
+......@.....?.(.#......
#......W.........#......
#.####+#####+#####.....†
........†## .........#
..........# ..........#
..........# ...>......#


You could see a phantom.

Vanquished Creatures
  Sigmund (D:3)
  An ogre (D:4)
  Natasha (twice) (D:3)
  A worker ant (D:4)
  A hound skeleton (D:4)
  5 adders
  2 oozes
  A worm (D:2)
  A dart slug (D:1)
  2 leopard geckos (D:2)
  4 bats
  4 giant cockroaches
  4 hobgoblins
  10 jackals
  A quokka (D:2)
  A frilled lizard (D:2)
  7 goblins
  3 kobolds
  4 rats
55 creatures vanquished.

Notes
Turn   | Place    | Note
-------+----------+-------------------------------------------
     0 | D:1      | Almogavar the Demonspawn Venom Mage began the quest for the
                  | Orb.
     0 | D:1      | Reached XP level 1. HP: 13/13 MP: 3/3
   178 | D:1      | Gained mutation: Your flesh is heat resistant. (rF+)
                  | [demonic ancestry]
   178 | D:1      | Reached XP level 2. HP: 19/19 MP: 0/5
   301 | D:1      | Learned a level 2 spell: Poisonous Vapours
  1167 | D:2      | Reached skill level 1 in Transmutations
  1330 | D:2      | Reached XP level 3. HP: 24/24 MP: 1/6
  1881 | D:2      | Found an iron altar of Okawaru.
  1938 | D:2      | Gained mutation: You are partially covered in rugged brown
                  | scales. (AC +1, +3% HP) [demonic ancestry]
  1938 | D:2      | Reached XP level 4. HP: 24/30 MP: 5/8
  2487 | D:3      | Noticed Sigmund
  2976 | D:3      | Killed Sigmund
  2977 | D:3      | Reached skill level 1 in Air Magic
  2977 | D:3      | Gained mutation: You have large cloven feet. [demonic
                  | ancestry]
  2977 | D:3      | Reached XP level 5. HP: 22/36 MP: 1/10
  3420 | D:3      | Noticed Natasha
  3434 | D:3      | Killed Natasha
  3435 | D:3      | Gained mutation: When hurt, damage is shared between your
                  | health and your magic reserves. [demonic ancestry]
  3435 | D:3      | Reached XP level 6. HP: 18/42 MP: 7/11
  3642 | D:3      | Noticed Natasha
  3647 | D:3      | Killed Natasha
  3677 | D:3      | Found a radiant altar of Vehumet.
  3682 | D:3      | Found a snail-covered altar of Cheibriados.
  3688 | D:3      | Found a sparkling altar of Nemelex Xobeh.
  3691 | D:3      | Found a hide-covered altar of Uskayaw.
  3707 | D:3      | Found a shadowy altar of Dithmenos.
  3721 | D:3      | Became a worshipper of Nemelex Xobeh the Trickster
  3788 | D:3      | Found a bloodstained altar of Trog.
  3788 | D:3      | Found a sacrificial altar of Ru.
  4599 | D:4      | HP: 1/43 [phantom (5)]
  4600 | D:4      | Slain by a phantom

Illustrated notes

Levels and vault maps discovered:
D:1:      scummos_arrival_hexagon, layout_loops_ring
D:2:      layout_basic, okawaru_metal_pillars_3, chequers_serial_rivers_large_a
D:3:      layout_rooms, minmay_overflow_temple_star_hex,
          gammafunk_temple_overflow_elements, uniq_sigmund, uniq_natasha
D:4:      layout_gridville, serial_shops, shop_coins

Skill      XL: |  1  2  3  4  5  6 |
---------------+-------------------+-----
Transmutations | 1 2 |  2.5
Stealth        | 2 |  2.3
Spellcasting   | 3 4 |  4.1
Dodging        | 2 |  2.1
Air Magic      | 1 |  1.2
Poison Magic   | 4 |  4.9
Fighting       | |  0.7

Action                   |  1- 3 |  4- 6 || total
-------------------------+-------+-------++-------
Melee: Unarmed           |    16 |       ||    16
       Spear             |       |    34 ||    34
       Kick              |       |     5 ||     5
 Cast: Sting             |    42 |    46 ||    88
       Poisonous Vapours |    13 |    17 ||    30
  Use: Scroll            |       |     6 ||     6
       Potion            |       |     1 ||     1
Armor: Robe              |    10 |    10 ||    20
Dodge: Dodged            |    31 |    33 ||    64
